 Dungeon Crawl Stone Soup version 0.25-b1-46-gb8a1ec05df (webtiles) character file.

Game seed: 11657598664745980733

8022 felidlivesmatter the Fighter (level 11, -2/87 HPs)
             Began as a Mummy Fighter on June 11, 2020.
             Was an Initiate of Gozag.
             Killed from afar by a catoblepas (11 damage)
             ... with a blast of calcifying dust
             ... on level 10 of the Dungeon.
             The game lasted 00:28:13 (12297 turns).

felidlivesmatter the Fighter (Mummy Fighter)       Turns: 12297, Time: 00:28:14

Health: -2/87      AC:  8    Str: 25    XL:     11   Next: 4%
Magic:  14/14      EV:  9    Int: 14    God:    Gozag
Gold:   627        SH: 12    Dex: 15    Spells: 10/10 levels left

rFire    x . .     SeeInvis .   d - +0 trident (venom)
rCold    + + +     Gourm    .   c - +0 kite shield
rNeg     + + +     Faith    .   o - +4 robe of Augmentation {Str+4 Int+4 Dex+4}
rPois    ∞         Spirit   .   g - -1 helmet (curse)
rElec    .         Reflect  .   B - +1 cloak {rCorr}
rCorr    +         Harm     .   (no gloves)
MR       +....                  (no boots)
Stlth    +.........             (no amulet)
HPRegen  0.24/turn              k - ring of protection from cold
MPRegen  0.14/turn              s - ring of protection from cold

@: no status effects
A: no food or potions, fire vulnerability, cold resistance 1, negative energy
resistance 3, torment resistance, unbreathing
a: Potion Petition, Call Merchant, Bribe Branch, Renounce Religion


You were on level 10 of the Dungeon.
You worshipped Gozag.
Gozag was pleased with you.
You were not hungry.

You visited 2 branches of the dungeon, and saw 11 of its levels.
You also visited: Sewer.

You collected 1210 gold pieces.
You spent 20 gold pieces at shops.
You paid 563 gold pieces to Gozag.

Inventory:

Hand Weapons
 d - a +0 trident of venom (weapon)
 q - a +7 flail of protection
 C - a +0 vorpal war axe
Missiles
 l - 8 boomerangs (quivered)
 x - 32 poisoned darts
Armour
 c - a +0 kite shield (worn)
 g - a cursed -1 helmet (worn)
 n - a +3 leather armour of magic resistance
 o - the +4 robe of Augmentation (worn) {Str+4 Int+4 Dex+4}
   (You found it on level 4 of the Dungeon)

   It affects your strength (+4).
   It affects your intelligence (+4).
   It affects your dexterity (+4).
 z - a +3 chain mail of fire resistance
 B - a +1 cloak of preservation (worn)
Jewellery
 k - a ring of protection from cold (left hand)
 s - a ring of protection from cold (right hand)
 A - an uncursed ring of stealth
Wands
 f - a wand of digging (7)
 i - a wand of random effects (49)
 j - a wand of paralysis (26)
 t - a wand of flame (20)
 D - a wand of clouds (14)
Scrolls
 a - a scroll of summoning
 b - a scroll of amnesia {unknown}
 e - 7 scrolls of identify
 h - 5 scrolls of teleportation
 m - a scroll of blinking
 p - 2 scrolls of fog
 r - 2 scrolls of enchant armour
 u - 3 scrolls of remove curse
 v - 2 scrolls of magic mapping
 w - a scroll of immolation


   Skills:
 - Level 8.8 Fighting
 - Level 1.8(5.4) Axes
 - Level 8.1(8.2) Polearms
   Level 0.2(5.0) Staves
 - Level 2.2 Throwing
 - Level 2.4 Armour
 - Level 8.2 Shields
 + Level 4.8 Evocations


You had 10 spell levels left.
You didn't know any spells.
Your spell library contained the following spells:

 Spells                   Type           Power        Failure   Level  Hunger
 Foxfire                  Conj/Fire      #...         56%         1    N/A
 Freeze                   Ice            #...         56%         1    N/A
 Conjure Flame            Conj/Fire      #.......     90%         3    N/A
 Frozen Ramparts          Ice            #.....       90%         3    N/A
 Inner Flame              Hex/Fire       #.......     90%         3    N/A
 Ozocubu's Armour         Chrm/Ice       #.......     90%         3    N/A
 Hailstorm                Conj/Ice       #.......     100%        4    N/A
 Sticky Flame             Conj/Fire      #.......     100%        4    N/A
 Summon Ice Beast         Ice/Summ       #.......     100%        4    N/A
 Fireball                 Conj/Fire      #.........   100%        5    N/A

Dungeon Overview and Level Annotations

Branches:
Dungeon (10/15)            Temple (1/1) D:6           Sewer (visited)
   Lair: D:8-11         Orc: D:9-12

Altars:
Dithmenos
Elyvilon
Gozag
Hepliaklqana
Makhleb
Nemelex Xobeh
Ru
Uskayaw
Vehumet
Wu Jian
Yredelemnul
Zin
The Shining One

Shops:
D:9 *


Innate Abilities, Weirdness & Mutations

You do not eat or drink.
Your flesh is vulnerable to fire.
You are immune to poison.
Your flesh is cold resistant. (rC+)
You are immune to negative energy. (rN+++)
You are immune to unholy pain and torment.
You can survive without breathing.


Message History

The catoblepas looks even sicker.
The catoblepas is lightly wounded.
The catoblepas breathes a plume of calcifying dust at you.
The blast of calcifying dust hits you.
* * * LOW HITPOINT WARNING * * *
The catoblepas breathes a plume of calcifying dust at you.
The blast of calcifying dust hits you!
* * * LOW HITPOINT WARNING * * *
The catoblepas breathes a plume of calcifying dust at you.
The blast of calcifying dust hits you.
* * * LOW HITPOINT WARNING * * *
Okay, then.
Okay, then.
The catoblepas breathes a plume of calcifying dust at you.
The blast of calcifying dust hits you.
* * * LOW HITPOINT WARNING * * *
The catoblepas breathes a plume of calcifying dust at you.
The blast of calcifying dust hits you!
You die...
Your body crumbles into a pile of gold.

#.....§#...#..........
#.....§#####..........
#.........##..........
#.....Y##.##..........
#......##.##..........
#......##..#..........
#...%.§###.'..........
#.....§# ###..........
#.....@# #..........
#....<.# #..........
######## ###########


There were no monsters in sight!

Vanquished Creatures
  Harold (D:8)
  A centaur warrior (D:9)
  A two-headed ogre (D:7)
  Maurice (D:8)
  Psyche (D:8)
  A hippogriff (D:7)
  Sigmund (D:4)
  A wyvern (D:9)
  A human (D:7)
  2 hogs (D:7)
  Grum (D:8)
  2 yaks (D:7)
  A vampire mosquito (D:10)
  Edmund (D:4)
  2 water moccasins
  An ice beast (D:9)
  3 sky beasts
  An orc warrior (D:8)
  3 ogres
  3 phantoms
  2 necrophages
  2 wolves (D:8)
  A big kobold (D:8)
  6 bullfrogs
  A wyvern zombie (D:6)
  A wyvern skeleton (D:8)
  A scorpion (D:7)
  9 wights
  A howler monkey (D:6)
  6 crimson imps
  A quasit (D:7)
  Crazy Yiuf (D:7)
  5 hounds
  4 orc priests
  5 orc wizards
  Ijyb (D:2)
  An iguana (D:5)
  A merfolk avatar (Sewer)
  7 worker ants
  A merfolk siren (Sewer)
  3 hound skeletons
  7 gnolls
  12 adders
  A river rat (Sewer)
  2 shadow imps (D:7)
  2 oozes
  An adder zombie (D:5)
  4 adder skeletons
  2 worms
  7 leopard geckos
  27 orcs
  10 giant cockroaches
  15 goblins
  7 hobgoblins
  5 jackals
  A quokka (D:2)
  8 ball pythons
  8 bats
  12 frilled lizards
  2 jackal zombies
  9 kobolds
  A leopard gecko skeleton (D:5)
  2 quokka skeletons
  A quokka zombie (D:5)
  36 rats
271 creatures vanquished.

Vanquished Creatures (others)
  5 plants (D:10)
5 creatures vanquished.

Grand Total: 276 creatures vanquished

Notes
Turn   | Place    | Note
-------+----------+-------------------------------------------
     0 | D:1      | felidlivesmatter the Mummy Fighter began the quest for the
                  | Orb.
     0 | D:1      | Reached XP level 1. HP: 18/18 MP: 1/1
   196 | D:1      | Reached XP level 2. HP: 24/24 MP: 2/2
  1033 | D:2      | Reached XP level 3. HP: 14/29 MP: 3/3
  1246 | D:2      | Noticed Ijyb
  1575 | D:2      | Reached XP level 4. HP: 29/35 MP: 4/4
  1598 | D:2      | Killed Ijyb
  2313 | D:2      | Found a glowing silver altar of Zin.
  2455 | D:3      | Noticed a sky beast
  2679 | D:3      | Reached XP level 5. HP: 42/42 MP: 5/5
  3794 | D:4      | Found a sacrificial altar of Ru.
  3833 | D:4      | Found a glowing drain.
  3912 | Sewer    | Entered a sewer
  4019 | Sewer    | Reached XP level 6. HP: 40/48 MP: 6/6
  4533 | D:4      | Noticed Edmund
  4534 | D:4      | Found the +4 robe of Augmentation {Str+4 Int+4 Dex+4}
  4557 | D:4      | Killed Edmund
  4557 | D:4      | Reached skill level 5 in Polearms
  4711 | D:4      | Noticed Sigmund
  4725 | D:4      | Killed Sigmund
  4725 | D:4      | Reached XP level 7. HP: 54/54 MP: 7/7
  4860 | D:4      | Found a shadowy altar of Dithmenos.
  5484 | D:5      | Entered Level 5 of the Dungeon
  5775 | D:4      | Reached XP level 8. HP: 35/60 MP: 8/8
  5906 | D:5      | Reached skill level 5 in Shields
  6927 | D:6      | Found a staircase to the Ecumenical Temple.
  7017 | Temple   | Entered the Ecumenical Temple
  7167 | Temple   | Became a worshipper of Gozag Ym Sagoz the Greedy
  7800 | D:6      | Found a burning altar of Makhleb.
  7801 | D:6      | Found a radiant altar of Vehumet.
  7993 | D:7      | Reached skill level 5 in Fighting
  8091 | D:7      | Reached XP level 9. HP: 66/68 MP: 9/9
  9218 | D:7      | Found a runed translucent door.
  9219 | D:7      | Noticed Crazy Yiuf
  9311 | D:7      | Reached skill level 1 in Throwing
  9557 | D:7      | Noticed a two-headed ogre
  9590 | D:7      | Killed a two-headed ogre
  9590 | D:7      | Reached XP level 10. HP: 80/82 MP: 10/10
  9701 | D:7      | Killed Crazy Yiuf
 10027 | D:8      | Noticed Harold
 10064 | D:8      | Killed Harold
 10399 | D:8      | Noticed Maurice
 10411 | D:8      | Killed Maurice
 10481 | D:8      | Noticed Psyche
 10500 | D:8      | Killed Psyche
 10824 | D:8      | Reached skill level 1 in Evocations
 10881 | D:8      | Noticed Grum
 10891 | D:8      | Reached skill level 1 in Axes
 10914 | D:8      | Killed Grum
 11261 | D:9      | Found Muotocih's General Store.
 11266 | D:9      | Bought a scroll of identify for 20 gold pieces
 11622 | D:9      | Found a basalt altar of Yredelemnul.
 11674 | D:9      | Noticed a centaur warrior
 11690 | D:9      | Killed a centaur warrior
 11690 | D:9      | Reached XP level 11. HP: 18/87 MP: 12/14
 12179 | D:10     | Entered Level 10 of the Dungeon
 12265 | D:10     | Noticed a catoblepas
 12297 | D:10     | Killed from afar by a catoblepas

Illustrated notes

Levels and vault maps discovered:
D:1:      dpeg_arrival_signposts, layout_basic
D:2:      kennysheep_the_goblin_king, layout_loops_ring, zin_scriptorium,
          minmay_rat_gold_closets
D:3:      layout_basic, first_ration
D:4:      layout_loops_ring, kennysheep_mini, overflow_temple_1_default,
          portal_sewer_entry_f, sigmund_edmund_badplayer
D:5:      layout_gridville
D:6:      layout_cave_pods, grunt_temple_overflow_lords_of_destruction,
          minmay_temple_entry_sparse_star
D:7:      layout_basic, grunt_livestock, uniq_crazy_yiuf_cottage
D:8:      layout_basic, uniq_maurice, uniq_psyche, uniq_harold, uniq_grum
D:9:      layout_basic, lemuel_round_altar, serial_shops, shop
D:10:     layout_roguey, minmay_lair_entry_grove, serial_shops, shop, kb_rosetta
Temple:   nicolae_temple_elliptical

Skill      XL: |  1  2  3  4  5  6  7  8  9 10 |
---------------+-------------------------------+-----
Polearms       | 2 3 4 5 6 8 |  8.1
Fighting       | 4 5 8 |  8.8
Shields        | 3 4 7 8 |  8.2
Throwing       | 2 |  2.2
Evocations     | 4 |  4.8
Axes           | 1 |  1.8
Staves         | |  0.2
Armour         | |  2.4

Action                   |  1- 3 |  4- 6 |  7- 9 | 10-12 || total
-------------------------+-------+-------+-------+-------++-------
Melee: Trident           |   131 |   379 |   309 |   243 ||  1062
       Lajatang          |       |       |    12 |       ||    12
       Flail             |       |       |    53 |     5 ||    58
Throw: Boomerang         |       |     7 |     7 |       ||    14
       Dart              |       |       |     4 |     1 ||     5
Invok: Potion Petition   |       |       |       |     3 ||     3
Evoke: Wand              |       |     1 |       |       ||     1
  Use: Scroll            |       |     6 |     1 |     4 ||    11
 Stab: Sleeping          |       |     1 |     2 |     9 ||    12
       Invisible         |       |       |       |     2 ||     2
       Distracted        |       |       |       |     1 ||     1
       Held in net/web   |       |       |       |     1 ||     1
Armor: Scale mail        |    48 |   138 |       |       ||   186
       Robe              |       |     1 |    83 |    45 ||   129
Dodge: Dodged            |    52 |   168 |    93 |    54 ||   367
Block: Kite shield       |       |       |   116 |    92 ||   208
